 Dungeon Crawl Stone Soup version 0.19.5 (webtiles) character file.

8022 McKennaii the Zephyrmancer (level 11, -4/67 HPs)
             Began as a High Elf Air Elementalist on Apr 20, 2017.
             Was a Believer of Sif Muna.
             Killed from afar by an electric eel (8 damage)
             ... with a bolt of electricity
             ... on level 10 of the Dungeon.
             The game lasted 00:44:18 (10893 turns).

McKennaii the Zephyrmancer (HEAE)                  Turns: 10893, Time: 00:44:19

Health: -4/67      AC:  9    Str:  7    XL:     11   Next: 4%
Magic:  26/26      EV: 13    Int: 31    God:    Sif Muna [**....]
Gold:   407        SH:  0    Dex: 17    Spells: 4 memorised, 21 levels left

rFire  . . .     SeeInvis .     y - +0 falchion
rCold  . . .     Gourm    .     R - +0 troll leather armour
rNeg   . . .     Faith    .     (no shield)
rPois  .         Spirit   .     (no helmet)
rElec  .         Reflect  .     K - +0 cloak
rCorr  .         Harm     .     m - +0 pair of gloves
MR     +....                    n - +2 pair of boots
Stlth  +++.......               (no amulet)
                                u - +5 ring of intelligence
                                o - +4 ring of intelligence

@: repel missiles
A: no striking features
a: Divine Energy, Renounce Religion


You were on level 10 of the Dungeon.
You worshipped Sif Muna.
Sif Muna was pleased with you.
You were not hungry.

You visited 2 branches of the dungeon, and saw 11 of its levels.

You collected 599 gold pieces.
You spent 192 gold pieces at shops.

Inventory:

Hand Weapons
 y - a +0 falchion (weapon)
Armour
 m - a +0 pair of gloves (worn)
 n - a +2 pair of boots (worn)
 K - a +0 cloak (worn)
 R - a +0 troll leather armour (worn)
Rods
 r - a -1 rod of inaccuracy (9/9)
   (You found it on level 7 of the Dungeon)
Jewellery
 o - a +4 ring of intelligence (left hand)
 u - a +5 ring of intelligence (right hand)
 D - an uncursed ring of fire
 E - an uncursed ring of teleportation
 Q - an uncursed ring of flight
Wands
 f - a wand of lightning (11/15)
 N - a wand of digging (17/24)
 O - a wand of iceblast (0/15)
 U - a wand of lightning (11/15)
Scrolls
 e - 6 scrolls of remove curse
 j - 6 scrolls of identify
 l - a scroll of fear
 p - 4 scrolls of magic mapping {unknown}
 q - 4 scrolls of amnesia {unknown}
 s - 2 scrolls of noise {unknown}
 v - a scroll of enchant armour {unknown}
 w - 4 scrolls of enchant weapon
 B - 2 scrolls of blinking {unknown}
 J - a scroll of torment {unknown}
 L - a scroll of recharging {unknown}
 M - 4 scrolls of fog
 T - a scroll of acquirement {unknown}
 V - a scroll of vulnerability {unknown}
Potions
 d - a potion of mutation {unknown}
 g - 4 potions of lignification {unknown}
 h - a potion of ambrosia {unknown}
 k - a potion of curing
 t - a potion of haste {unknown}
 x - a potion of cancellation {unknown}
 z - 2 potions of agility {unknown}
 A - a potion of experience {unknown}
 F - 3 potions of brilliance {unknown}
 G - a potion of magic {unknown}
 H - 3 potions of flight {unknown}
 S - 2 potions of might {unknown}
 W - 2 potions of invisibility {unknown}
Books
 b - a book of Air

   Spells                             Type                      Level
   a - Shock                          Conjuration/Air              1
   b - Swiftness                      Charms/Air                   2
   c - Repel Missiles                 Charms/Air                   2
   d - Static Discharge               Conjuration/Air              3
   e - Lightning Bolt                 Conjuration/Air              5
 I - a book of Misfortune

   Spells                             Type                      Level
   a - Confusing Touch                Hexes                        1
   b - Confuse                        Hexes                        3
   c - Gell's Gravitas                Hexes/Translocation          3
   d - Petrify                        Transmutation/Earth          4
   e - Metabolic Englaciation         Hexes/Ice                    5
   f - Yara's Violent Unravelling     Hexes/Transmutation          5
Comestibles
 c - 7 bread rations
 i - a beef jerky
 C - 8 fruits
 P - 3 meat rations


   Skills:
 + Level 3.2 Fighting
 + Level 4.1 Long Blades
 + Level 2.6 Armour
 + Level 4.1 Dodging
 + Level 4.0 Stealth
 + Level 10.6 Spellcasting
 + Level 9.2 Conjurations
 + Level 1.3 Charms
 + Level 10.9 Air Magic
 + Level 0.2 Evocations


You had 21 spell levels left.
You knew the following spells:

 Your Spells              Type           Power        Failure   Level  Hunger
a - Shock                 Conj/Air       ####         1%          1    None
b - Swiftness             Chrm/Air       ######..     1%          2    None
c - Repel Missiles        Chrm/Air       ######       1%          2    None
d - Lightning Bolt        Conj/Air       ######....   1%          5    ###....


Dungeon Overview and Level Annotations

Branches:
Dungeon (10/15)            Temple (1/1) D:4             Orc (0/2) D:10
   Lair: D:8-11

Altars:
Ashenzari
Cheibriados
Dithmenos
Elyvilon
Fedhas
Gozag
Hepliaklqana
Kikubaaqudgha
Makhleb
Nemelex Xobeh
Okawaru
Qazlal
Ru
Sif Muna
Trog
Uskayaw
Vehumet
Xom
Yredelemnul
Zin
The Shining One

Shops:
D:4 ?   D:7 =

Annotations:
D:7 Dadi's ghost, novice DECj


Message History

Moving in this stuff is going to be slow.
The electric eel shoots out a bolt of lightning at you!
The bolt of electricity hits you!
The electric eel shoots out a bolt of lightning at you!
The bolt of electricity hits you!
The electric eel shoots out a bolt of lightning at you!
The bolt of electricity hits you!
The electric eel shoots out a bolt of lightning at you!
The bolt of electricity hits you!
The electric eel shoots out a bolt of lightning at you!
The bolt of electricity misses you.
The electric eel shoots out a bolt of lightning at you!
The bolt of electricity hits you!
* * * LOW HITPOINT WARNING * * *
The electric eel shoots out a bolt of lightning at you!
The bolt of electricity hits you!
* * * LOW HITPOINT WARNING * * *
The electric eel shoots out a bolt of lightning at you!
The bolt of electricity hits you!
You die...

≈≈≈≈≈≈≈≈≈≈≈≈≈≈≈≈≈≈≈≈≈≈≈≈;≈≈≈≈≈≈≈≈
≈≈≈≈≈≈≈;≈...........≈≈≈;≈≈≈≈≈≈≈≈≈
..........................≈≈≈≈≈;≈
.................)............≈≈≈
.................................
...............#.................
.......#######.#.................
.####...#### #.#.......#########.
.#....8....# #((@....).####...#..
.#.........# ##...............#..
.#.........#.##...............#..
##.........#.##...............#..
.............##.>.............#..
.............(...................
..8...>...8..####.....#####.###..
............## #.....# #......
............#####.....###########


You could see an electric eel.

Vanquished Creatures
  A hill giant (D:9)
  An ugly thing (D:7)
  Psyche (D:9)
  A merfolk (D:9)
  2 trolls
  Prince Ribbit (D:9)
  2 hippogriffs (D:10)
  A shadow (D:10)
  Sigmund (D:2)
  A hill giant zombie (D:10)
  2 hungry ghosts (D:10)
  A water moccasin (D:8)
  Duvessa (D:5)
  3 phantoms
  A black bear (D:8)
  An orc warrior (D:10)
  15 ice beasts (D:10)
  2 necrophages
  2 ogres
  A crocodile (D:3)
  3 centaurs
  2 big kobolds (D:5)
  4 bullfrogs
  Dowan (D:5)
  5 killer bees (D:10)
  3 scorpions
  2 troll zombies (D:10)
  3 jellies
  An electric eel (D:10)
  3 crimson imps
  4 hounds
  3 orc priests
  5 orc wizards
  3 bullfrog skeletons
  A gnoll shaman (D:6)
  4 iguanas
  Natasha (thrice) (D:2)
  3 worker ants
  5 ogre zombies (D:10)
  A hound zombie (D:6)
  A hound skeleton (D:6)
  The ghost of Dwachs the Sneak, a weakling KoEn (D:5)
  A worker ant zombie (D:10)
  3 gnolls (D:6)
  8 adders
  3 shadow imps
  4 oozes
  An adder skeleton (D:6)
  2 worms
  2 dart slugs
  5 leopard geckos
  22 orcs
  5 bats
  5 giant cockroaches
  5 hobgoblins
  11 jackals
  9 kobolds
  4 quokkas
  A ball python (D:4)
  7 frilled lizards
  8 goblins
  A goblin skeleton (D:10)
  3 goblin zombies (D:10)
  2 hobgoblin zombies (D:10)
  3 jackal skeletons
  A jackal zombie (D:7)
  8 orc skeletons (D:10)
  11 orc zombies (D:10)
  7 rats
244 creatures vanquished.

Notes
Turn   | Place    | Note
-------+----------+-------------------------------------------
     0 | D:1      | McKennaii the High Elf Air Elementalist began the quest for the Orb.
     0 | D:1      | Reached XP level 1. HP: 11/11 MP: 4/4
   422 | D:1      | Reached XP level 2. HP: 17/17 MP: 0/6
   753 | D:2      | Learned a level 2 spell: Swiftness
   756 | D:2      | Learned a level 2 spell: Repel Missiles
   806 | D:2      | Noticed Natasha
   812 | D:2      | Noticed a crimson imp
   823 | D:2      | Found a faded altar of an unknown god.
   826 | D:2      | Killed Natasha
   826 | D:2      | Reached XP level 3. HP: 5/21 MP: 0/8
   831 | D:2      | Noticed Natasha
   948 | D:2      | Noticed Sigmund
  1188 | D:2      | You fall through a shaft for 2 floors!
  1199 | D:4      | Reached XP level 4. HP: 27/27 MP: 4/10
  1223 | D:4      | Found a staircase to the Ecumenical Temple.
  1243 | Temple   | Entered the Ecumenical Temple
  1510 | D:4      | Noticed a sky beast
  1642 | D:3      | Noticed a crocodile
  1944 | D:4      | Found a snail-covered altar of Cheibriados.
  1944 | D:4      | Found a sparkling altar of Nemelex Xobeh.
  2012 | D:4      | Found a shadowy altar of Dithmenos.
  2030 | D:4      | Reached XP level 5. HP: 31/31 MP: 1/12
  2603 | D:4      | Noticed an ogre
  2612 | D:4      | Killed an ogre
  2662 | D:4      | Reached skill level 5 in Air Magic
  2662 | D:4      | Reached XP level 6. HP: 37/37 MP: 12/14
  2695 | D:4      | Found Wavvos's Magic Scroll Emporium.
  2700 | D:4      | Bought a scroll of teleportation for 36 gold pieces
  2929 | D:3      | Found a glowing silver altar of Zin.
  3088 | D:2      | Killed Natasha
  3112 | D:2      | Learned a level 5 spell: Lightning Bolt
  3225 | D:2      | Found a shimmering altar of Xom.
  3228 | D:2      | Found an ancient bone altar of Kikubaaqudgha.
  3228 | D:2      | Found a glowing golden altar of the Shining One.
  3230 | D:2      | Found a blossoming altar of Fedhas.
  3230 | D:2      | Found a shadowy altar of Dithmenos.
  3230 | D:2      | Found a sparkling altar of Nemelex Xobeh.
  3331 | D:2      | Noticed Natasha
  3334 | D:2      | Killed Natasha
  3334 | D:2      | Reached skill level 1 in Charms
  3500 | D:2      | Found a shimmering altar of Xom.
  3607 | D:3      | Reached skill level 5 in Spellcasting
  3839 | D:3      | Found a blossoming altar of Fedhas.
  3841 | D:3      | Found an ancient bone altar of Kikubaaqudgha.
  3911 | D:5      | Entered Level 5 of the Dungeon
  3911 | D:5      | Found an iron altar of Okawaru.
  3994 | D:5      | Reached XP level 7. HP: 34/42 MP: 6/16
  4055 | D:5      | Found a burning altar of Makhleb.
  4461 | D:5      | Found a sparkling altar of Nemelex Xobeh.
  4526 | D:5      | Reached skill level 1 in Fighting
  4698 | D:5      | Noticed Dwachs's ghost (weakling KoEn)
  4712 | D:5      | Noticed Duvessa
  4725 | D:5      | Noticed Dowan
  4870 | D:5      | Killed Dowan
  4870 | D:5      | Reached XP level 8. HP: 32/48 MP: 6/19
  4871 | D:5      | Killed Duvessa
  4889 | D:5      | Killed Dwachs's ghost
  5227 | D:2      | Killed Sigmund
  5227 | D:2      | Reached skill level 1 in Long Blades
  5335 | D:4      | Bought a scroll of enchant weapon for 90 gold pieces
  5335 | D:4      | Bought a scroll of fog for 24 gold pieces
  5335 | D:4      | Bought a scroll of fear for 42 gold pieces
  5567 | D:6      | Reached skill level 5 in Conjurations
  5701 | D:6      | You fall through a shaft for 3 floors!
  5707 | D:9      | Noticed Psyche
  6213 | D:7      | Noticed a troll
  6493 | D:6      | Found a shattered altar of Ashenzari.
  6784 | D:7      | Killed a troll
  6784 | D:7      | Reached XP level 9. HP: 54/54 MP: 15/21
  6826 | D:7      | Noticed Dadi's ghost (novice DECj)
  7094 | D:7      | Found Wodo's Jewellery Shop.
  7664 | D:8      | Noticed a red ugly thing
  7795 | D:7      | Killed a red ugly thing
  7795 | D:7      | Reached skill level 1 in Armour
  8516 | D:9      | Noticed Prince Ribbit
  8534 | D:9      | Killed Prince Ribbit
  8718 | D:9      | Noticed a merfolk
  8726 | D:9      | Killed a merfolk
  8872 | D:9      | Killed Psyche
  8872 | D:9      | Reached XP level 10. HP: 59/59 MP: 18/24
  8943 | D:9      | Found a deep blue altar of Sif Muna.
  8948 | D:9      | Became a worshipper of Sif Muna the Loreminder
  8983 | D:9      | Noticed a hill giant
  9009 | D:9      | Killed a hill giant
  9009 | D:9      | Reached skill level 10 in Air Magic
  9085 | D:10     | Entered Level 10 of the Dungeon
  9362 | D:10     | Reached * piety under Sif Muna
  9514 | D:10     | Reached skill level 10 in Spellcasting
  9752 | D:10     | Found a staircase to the Orcish Mines.
 10132 | D:10     | Reached ** piety under Sif Muna
 10630 | D:10     | Reached XP level 11. HP: 67/67 MP: 15/26
 10891 | D:10     | HP: 3/67 [electric eel/bolt of electricity (12)]
 10893 | D:10     | Killed from afar by an electric eel

Skill      XL: |  1  2  3  4  5  6  7  8  9 10 11 |
---------------+----------------------------------+-----
Spellcasting   | 3 4 5 6 7 9 10 | 10.6
Air Magic      | 4 5 6 8 9 10 | 10.9
Conjurations   | 2 3 4 6 7 9 |  9.2
Stealth        | 3 4 |  4.0
Charms         | 1 |  1.3
Fighting       | 1 2 3 |  3.2
Dodging        | 3 4 |  4.1
Long Blades    | 2 3 4 |  4.1
Armour         | 1 2 |  2.6
Evocations     | |  0.2

Action                   |  1- 3 |  4- 6 |  7- 9 | 10-12 || total
-------------------------+-------+-------+-------+-------++-------
Melee: Unarmed           |       |     1 |       |       ||     1
       Falchion          |       |       |    29 |    77 ||   106
 Cast: Shock             |    41 |   142 |   289 |   284 ||   756
       Repel Missiles    |     1 |       |     1 |       ||     2
       Swiftness         |     1 |     3 |     1 |       ||     5
       Lightning Bolt    |       |       |     5 |     8 ||    13
Evoke: Wand              |       |       |       |     2 ||     2
  Use: Scroll            |       |       |     5 |     2 ||     7
       Potion            |       |       |       |     2 ||     2
  Eat: Pizza             |     1 |       |       |       ||     1
       Beef jerky        |     1 |       |       |       ||     1
       Bread ration      |       |     1 |     1 |     1 ||     3
       Meat ration       |       |     1 |     1 |     2 ||     4
       Royal jelly       |       |       |     1 |       ||     1
Armor: Robe              |     2 |     8 |    21 |       ||    31
       Troll leather arm |       |       |    12 |    64 ||    76
Dodge: Dodged            |    10 |    10 |    98 |   167 ||   285
       Deflected         |       |       |     1 |     5 ||     6
       Rpst.: Falchion   |       |     1 |    36 |    44 ||    81
